 Dungeon Crawl Stone Soup version 0.19.5 (webtiles) character file.

632 miragecloak the Spear-Bearer (level 7, -3/55 HPs)
             Began as a Merfolk Abyssal Knight on May 8, 2017.
             Was a Priest of Lugonu.
             Splashed by a jelly's acid (10 damage)
             ... on level 5 of the Dungeon.
             The game lasted 00:09:51 (7367 turns).

miragecloak the Spear-Bearer (MfAK)                 Turns: 7367, Time: 00:09:52

Health: -3/55      AC:  0    Str: 12    XL:     7   Next: 49%
Magic:  8/8        EV: 17    Int: 12    God:    Lugonu [***...]
Gold:   307        SH:  0    Dex: 15    Spells: 0 memorised, 6 levels left

rFire  . . .     SeeInvis .     p - +0 trident
rCold  . . .     Gourm    .     b - +0 leather armour
rNeg   . . .     Faith    .     (no shield)
rPois  .         Spirit   .     (no helmet)
rElec  .         Reflect  .     (no cloak)
rCorr  .         Harm     .     y - +0 pair of gloves
MR     .....                    (no boots)
Stlth  +.........               (no amulet)
                                (no ring)
                                z - +3 ring of evasion

@: corroded, slowed, very slow
A: change form in water, swift swim, stealthy swim
a: Depart the Abyss, Bend Space, Banish, Renounce Religion


You were on level 5 of the Dungeon.
You worshipped Lugonu.
Lugonu was most pleased with you.
You were not hungry.

You visited 1 branch of the dungeon, and saw 5 of its levels.
You visited the Abyss 1 time.

You collected 307 gold pieces.

Inventory:

Hand Weapons
 a - a +1 spear
 n - a +0 halberd
 p - a +0 trident (weapon)
Armour
 b - a +0 leather armour (worn)
 y - a +0 pair of gloves (worn)
Jewellery
 z - a +3 ring of evasion (left hand)
Scrolls
 j - 2 scrolls of identify {unknown}
 k - a scroll of fear {unknown}
 l - a scroll of blinking {unknown}
 o - 2 scrolls of magic mapping {unknown}
 r - a scroll of random uselessness {unknown}
 s - 2 scrolls of amnesia {unknown}
 u - a scroll of teleportation {unknown}
 v - a scroll of noise {unknown}
 x - a scroll of recharging {unknown}
Potions
 d - a potion of heal wounds {unknown}
 e - 5 potions of curing {unknown}
 g - a potion of brilliance {unknown}
 h - 2 potions of cancellation {unknown}
 i - 2 potions of ambrosia {unknown}
 m - 2 potions of haste {unknown}
 q - 2 potions of beneficial mutation {unknown}
 A - a potion of berserk rage {unknown}
Comestibles
 c - 5 bread rations
 f - 2 meat rations
 t - a royal jelly
 w - 8 fruits


   Skills:
 + Level 4.7 Fighting
 - Level 10.0 Polearms
 - Level 0.6 Armour
 + Level 4.4 Dodging
 - Level 2.0 Invocations


You had 6 spell levels left.
You didn't know any spells.

Dungeon Overview and Level Annotations

Branches:
Dungeon (5/15)
 Temple: D:4-7

Altars:
Elyvilon
Hepliaklqana
Qazlal
Xom
Yredelemnul
Zin

Annotations:
D:4 SkullSpatter's ghost, amateur MiBe


Message History

There is a stone staircase leading up here.
The orc wizard hits you with a dagger. The jelly barely misses you.
The jelly hits you.
You are splashed with acid!
The acid burns!
You hit the jelly.
Your hands burn!
The jelly is heavily wounded.
You feel sick.
You are no longer poisoned.
The jelly closely misses you.
You hit the jelly.
Your hands burn!
The jelly is severely wounded.
The jelly hits you.
You are splashed with acid!
The acid burns!
* * * LOW HITPOINT WARNING * * *
You are too injured to fight recklessly!
You hit the jelly but do no damage.
Your hands burn!
* * * LOW HITPOINT WARNING * * *
The jelly is severely wounded.
The jelly closely misses you. The jelly hits you.
* * * LOW HITPOINT WARNING * * *
You are splashed with acid!
The acid burns!
You die...

#.#.# .. #####.#.#
.#.# #
..##.#.#####.#.# #
#.##.##.#.......#.#.#
#........<.....# .#.
####...#.†.....##..
#..J...#.......#..
..##...........#.#
####.###.......#@# #
#.# #.......#J##.#
#.# #........o...#
..# #####.###%#..#
### #.# #.......# #.#
.....#### ##
#.##.##.## ##.... ..
.. .# ...# ... .#


You could see a jelly and an orc wizard.

Vanquished Creatures
  A scorpion (D:4)
  A howler monkey (D:4)
  A jelly (D:3)
  A hound (D:3)
  3 orc priests (D:3)
  4 orc wizards
  A worker ant (D:4)
  4 gnolls
  8 adders
  2 oozes
  4 worms
  4 dart slugs
  2 leopard geckos
  16 orcs
  8 giant cockroaches
  11 goblins
  9 hobgoblins
  10 jackals
  9 kobolds
  5 quokkas
  A ball python (D:3)
  7 bats
  6 frilled lizards
  A leopard gecko skeleton (D:4)
  7 rats
126 creatures vanquished.

Notes
Turn   | Place    | Note
-------+----------+-------------------------------------------
     0 | Abyss:1  | miragecloak the Merfolk Abyssal Knight began the quest for the Orb.
     0 | Abyss:1  | Reached XP level 1. HP: 18/18 MP: 2/2
    85 | Abyss:1  | Noticed a neqoxec
    86 | D:1      | Escaped the Abyss
   347 | D:1      | Reached skill level 4 in Polearms
   347 | D:1      | Reached XP level 2. HP: 22/24 MP: 3/3
   349 | D:1      | Reached * piety under Lugonu
   726 | D:1      | Reached skill level 5 in Polearms
   726 | D:1      | Reached XP level 3. HP: 29/29 MP: 4/4
  1627 | D:2      | Reached skill level 6 in Polearms
  1646 | D:2      | Reached XP level 4. HP: 35/35 MP: 5/5
  1684 | D:2      | Reached ** piety under Lugonu
  1701 | D:2      | Found a glowing silver altar of Zin.
  2447 | D:3      | Reached XP level 5. HP: 34/41 MP: 6/6
  2643 | D:3      | Reached skill level 7 in Polearms
  3303 | D:3      | Found a basalt altar of Yredelemnul.
  3660 | D:3      | Found a white marble altar of Elyvilon.
  3887 | D:4      | Found a stormy altar of Qazlal.
  3934 | D:3      | HP: 2/41 [poisoned by an adder]
  4510 | D:3      | Reached skill level 8 in Polearms
  4713 | D:3      | Reached XP level 6. HP: 44/47 MP: 7/7
  5043 | D:4      | Noticed SkullSpatter's ghost (amateur MiBe)
  5057 | D:3      | Reached *** piety under Lugonu
  5278 | D:3      | Reached skill level 9 in Polearms
  6200 | D:3      | Reached XP level 7. HP: 24/53 MP: 8/8
  6435 | D:4      | Found a hazy altar of Hepliaklqana.
  6436 | D:4      | Found a shimmering altar of Xom.
  6437 | D:4      | Noticed a spectral ugly thing
  6498 | D:4      | Reached skill level 10 in Polearms
  6742 | D:5      | Entered Level 5 of the Dungeon
  7367 | D:5      | Splashed by a jelly's acid

Skill      XL: |  1  2  3  4  5  6  7 |
---------------+----------------------+-----
Polearms       | 4 5 6 8 9 10 | 10.0
Dodging        | 3 4 |  4.4
Fighting       | 4 |  4.7
Armour         | |  0.6
Invocations    | |  2.0

Action                   |  1- 3 |  4- 6 |  7- 9 || total
-------------------------+-------+-------+-------++-------
Melee: Spear             |   148 |   124 |       ||   272
       Halberd           |       |   149 |       ||   149
       Trident           |       |    67 |    84 ||   151
Invok: Depart the Abyss  |     1 |       |       ||     1
 Stab: Sleeping          |     2 |     1 |       ||     3
  Eat: Chunk             |     2 |    15 |     4 ||    21
Armor: Leather armour    |    38 |    39 |     8 ||    85
Dodge: Dodged            |    95 |   212 |    59 ||   366
